 Dungeon Crawl Stone Soup version 0.30-a0-852-g08b95dd62f (webtiles) character file.

Game seed: 4281978888947228402

365 greenreed the Magician (level 6, 0/42 HPs)
             Began as a Spriggan Air Elementalist on Mar 4, 2023.
             Was an Initiate of Qazlal.
             Slain by a bullfrog zombie (5 damage)
             ... in an ossuary.
             The game lasted 00:08:48 (3739 turns).

greenreed the Magician (Spriggan Air Elementalist)  Turns: 3739, Time: 00:08:48

Health: 0/42       AC: 27    Str:  4    XL:     6   Next: 40%
Magic:  1/15       EV:  4    Int: 24    God:    Qazlal [......]
Gold:   182        SH:  0    Dex: 16    Spells: 12/15 levels left

rFire   . . .      SeeInvis +    i - +7 dagger "Mahebup" {drain, rPois Will+}
rCold   . . .      Faith    .    (no shield)
rNeg    . . .      Spirit   .    a - melded +0 robe
rPois   +          Reflect  .    m - melded +1 hat
rElec   .          Rampage  .    (cloak currently unavailable)
rCorr   .          NoTele   +    (gloves unavailable)
Will    ++...                    (boots unavailable)
Stlth   ++                       (no amulet)
HPRegen 0.27/turn                e - +4 ring of protection
MPRegen 0.14/turn                v - +6 ring of intelligence

@: tree-form, very slightly contaminated
A: stationary, stasis, torment immunity, boosted hp, very small, no large
weapons, unfitting armour, see invisible, (speed 3)
a: Renounce Religion


You were in an ossuary.
You worshipped Qazlal.
Qazlal was noncommittal.
You were a tree.
You visited 1 branch of the dungeon, and saw 4 of its levels.
You also visited: Ossuary.

You collected 182 gold pieces.

Inventory:

Hand Weapons
 i - the +7 dagger "Mahebup" (weapon) {drain, rPois Will+}
   (You found it on level 2 of the Dungeon)

   rPois:     It protects you from poison.
   Will:      It increases your willpower.
Armour
 a - a +0 robe (melded)
 m - a +1 hat (melded)
Jewellery
 e - a +4 ring of protection (left branch)
 v - a +6 ring of intelligence (right branch)
Wands
 o - a wand of polymorph (6)
 t - a wand of flame (22)
Scrolls
 c - 3 scrolls of teleportation {unknown}
 f - a scroll of brand weapon {unknown}
 g - a scroll of enchant armour {unknown}
 j - 2 scrolls of poison {unknown}
 k - a scroll of identify {unknown}
 l - 2 scrolls of magic mapping {unknown}
 r - a scroll of enchant weapon {unknown}
 u - 3 scrolls of immolation {unknown}
 w - a scroll of vulnerability {unknown}
 x - a scroll of amnesia {unknown}
Potions
 b - a potion of magic
 d - a potion of heal wounds {unknown}
 h - a potion of curing {unknown}
 n - a potion of invisibility {unknown}
 p - a potion of lignification
 q - a potion of attraction {unknown}
 s - a potion of mutation {unknown}
 z - a potion of brilliance {unknown}
 A - a potion of might {unknown}
 B - a potion of degeneration {unknown}


   Skills:
 + Level 3.1 Dodging
 - Level 3.1 Stealth
 * Level 5.3 Spellcasting
 + Level 2.7 Conjurations
 * Level 4.1 Air Magic


You had 12 spell levels left.
You knew the following spells:

 Your Spells              Type           Power      Damage    Failure   Level
a - Shock                 Conj/Air       92%        1d8       1%          1
b - Static Discharge      Conj/Air       46%        2-4/arc   3%          2

Your spell library contained the following spells:

 Spells                   Type           Power      Damage    Failure   Level
 Swiftness                Air            26%        N/A       4%          3
 Airstrike                Air            13%        2d(2-18)  16%         4


Dungeon Overview and Level Annotations

Branches:
Dungeon (4/15)            Ossuary (1/1)
 Temple: D:4-7

Altars:
Qazlal

Shops:
D:2 (


Innate Abilities, Weirdness & Mutations

You are a tree.
Your roots penetrate the ground, keeping you stationary.
You cannot be teleported.
You are immune to unholy pain and torment.
Your maximum health is greatly increased.
Your equipment is partially melded.
You are very small and have problems with some larger weapons.
You are too small for most types of armour.
You have supernaturally acute eyesight. (SInv)
((You cover ground extremely quickly. (Speed+++)))


Message History

The bullfrog zombie closely misses you. The bullfrog zombie misses you.
The bullfrog zombie closely misses you.
The bullfrog zombie hits you but does no damage.
The hornet zombie hits you!
Casting: Shock (safe; 1% risk of failure)
Confirm with . or Enter, or press ? or * to list all spells.
Aiming: Shock (safe; 1% risk of failure)
Press: ? - help, Shift-Dir - straight line, f - hornet zombie, p - bullfrog zombie
Aim: a hornet zombie (lightly damaged, 77% to hit)
The zap misses the hornet zombie.
The zap hits the bullfrog zombie!
The bullfrog zombie is moderately damaged.
The bullfrog zombie barely misses you. The hornet zombie barely misses you.
The bullfrog zombie completely misses you.
The bullfrog zombie hits you but does no damage.
The hornet zombie misses you.
There is a gate leading back out of this place here.
Okay, then.
Casting: Shock (safe; 1% risk of failure)
Confirm with . or Enter, or press ? or * to list all spells.
The hornet zombie is struck by an arc of lightning.
The hornet zombie is moderately damaged.
The bullfrog zombie is struck by an arc of lightning.
The bullfrog zombie is heavily damaged.
The lightning grounds out.
The bullfrog zombie is struck by an arc of lightning.
The bullfrog zombie is severely damaged.
The hornet zombie is struck by an arc of lightning.
The hornet zombie is moderately damaged.
The lightning grounds out.
The bullfrog zombie hits you but does no damage.
The hornet zombie hits you!
* * * LOW HITPOINT WARNING * * *
The bullfrog zombie barely misses you. The bullfrog zombie misses you.
It was a potion of lignification.
You turn into a tree.
Your +1 hat melds into your body.
Your +0 robe melds into your body.
Your roots penetrate the ground.
The hornet zombie hits you.
* * * LOW HITPOINT WARNING * * *
The bullfrog zombie hits you but does no damage.
The bullfrog zombie hits you.
You die...

## ##
#. .#
#'#'#+
.Z..
##'##
#...#
#ZZ.#
#♣Z.#
#####


You could see 2 bullfrog zombies, a killer bee zombie (wandering) and a hornet
zombie.

Vanquished Creatures
  A water moccasin zombie (Ossuary)
  2 bullfrog zombies (Ossuary)
  A hound (D:4)
  Terence (D:3)
  3 mummies (Ossuary)
  7 adders
  3 worms
  4 dart slugs
  9 orcs
  6 ball pythons
  5 bats
  2 endoplasms
  3 giant cockroaches
  4 goblins
  9 hobgoblins
  5 kobolds
  3 quokkas
  4 frilled lizards
  6 rats
78 creatures vanquished.

Vanquished Creatures (others)
  2 plants (D:4)
2 creatures vanquished.

Grand Total: 80 creatures vanquished

Notes
Turn   | Place    | Note
-------+----------+-------------------------------------------
     0 | D:1      | greenreed the Spriggan Air Elementalist began the quest for
                  | the Orb.
     0 | D:1      | Reached XP level 1. HP: 9/9 MP: 5/5
   250 | D:1      | Reached XP level 2. HP: 13/13 MP: 3/6
   683 | D:1      | Reached skill level 3 in Spellcasting
  1241 | D:2      | Reached XP level 3. HP: 16/16 MP: 6/9
  1241 | D:2      | Identified the +7 dagger "Mahebup" {drain, rPois Will+}
  1443 | D:2      | Reached skill level 1 in Conjurations
  1780 | D:2      | Found Uthiawk's Weapon Shop.
  2182 | D:2      | Reached XP level 4. HP: 21/21 MP: 5/10
  2342 | D:3      | Reached skill level 4 in Spellcasting
  2421 | D:3      | Noticed Terence
  2469 | D:3      | Killed Terence
  3003 | D:3      | Identified the +8 battleaxe of Modesty {chaos, Str+2}
  3211 | D:4      | Noticed a scorpion
  3249 | D:4      | Learned a level 2 spell: Static Discharge
  3327 | D:4      | Reached XP level 5. HP: 24/24 MP: 5/13
  3327 | D:4      | Found a stormy altar of Qazlal.
  3369 | D:4      | Became a worshipper of Qazlal Stormbringer
  3601 | D:4      | Found a sand-covered staircase.
  3606 | Ossuary  | Entered an ossuary
  3679 | Ossuary  | Reached skill level 5 in Spellcasting
  3693 | Ossuary  | Reached XP level 6. HP: 25/28 MP: 7/14
  3739 | Ossuary  | Slain by a bullfrog zombie

Illustrated notes

Levels and vault maps discovered:
D:1:      zaba_arrival_water, layout_loops_corners
D:2:      layout_loops_cross, serial_shops, shop
D:3:      layout_rooms, grunt_ministairs_9, minmay_fractal_squares_gapless_5,
          uniq_terence
D:4:      layout_basic, lemuel_doored_altar, mainiacjoe_overflow_boulevard,
          gammafunk_temple_overflow_statue,
          nicolae_ossuary_entry_false_entrances,
          minmay_fractal_squares_diagonal_5
Ossuary:  ossuary_zaba_flooded

Skill      XL: |  1  2  3  4  5 |
---------------+----------------+-----
Air Magic      | 3 4 |  4.1
Spellcasting   | 3 4 5 |  5.3
Conjurations   | 1 2 |  2.7
Dodging        | 3 |  3.1
Stealth        | |  3.1

Action                     |  1- 3 |  4- 6 || total
---------------------------+-------+-------++-------
  Melee: Dagger            |       |    11 ||    11
   Cast: Shock             |    90 |   108 ||   198
         Static Discharge  |       |     1 ||     1
    Use: Potion            |       |     1 ||     1
 Armour: Robe              |     4 |    20 ||    24
         Skin              |       |     1 ||     1
  Dodge: Dodged            |    21 |    37 ||    58

Table legend: (Time is in decaauts)
 A = Elapsed time spent in this place.
 B = Non-inter-level travel time spent in this place.
 C = Inter-level travel time spent in this place.
 D = Time resting spent in this place.
 E = Time spent auto-exploring this place.
 F = Levels seen in this place.
 G = Mean time per level.
                   A        B        C        D        E       F      G
               +--------+--------+--------+--------+--------+-----+--------+
         Total |   2967 |   2862 |    105 |     60 |   2341 |   5 |  593.4 |
       Dungeon |   2837 |   2732 |    105 |     60 |   2240 |   4 |  709.2 |
       Ossuary |    130 |    130 |      0 |      0 |    101 |   1 |  130.0 |
               +--------+--------+--------+--------+--------+-----+--------+

Top non-repeatable levels by time:
     D:1: 961 daAuts
     D:3: 823 daAuts
     D:2: 775 daAuts
     D:4: 276 daAuts
 Ossuary: 130 daAuts
